AoeStats
← AOKI_GworK

Arabia

503578804Analyzed
1v1 RM · 1mo ago on Sep 1, 2026· 26m 45s· 2 players
Game mode
Random Map
Map size
Tiny (2 player)
Population
200
Speed
Normal
Resources
Standard
Victory
Conquest
Starting age
Dark Age
Ending age
Imperial Age
RankedLock teamsTeams togetherTeam positionsShared explorationLock speedFull tech treeHidden civsTurbo modeCheats
Victory
Defeat
🇲🇽 Japanese · Mexico
1745
+20
🇫🇷 Jurchens · France
1829
-20
Lespaul
13:11 Feudal Age
13:09 Loom
13:30 Man-at-Arms
15:16 Arson
17:31 Forging
23:24 Castle Age
21:59 Scale Mail Armor
24:25 Chain Mail Armor
24:52 Squires
24:25 Long Swordsman
26:09 Gold Mining
26:45 Pikeman
AOKI_GworK
6:25 Loom
9:21 Feudal Age
9:58 Double-Bit Axe
13:38 Wheelbarrow
14:57 Horse Collar
20:18 Fletching
21:05 Forging
25:25 Castle Age
24:09 Scale Barding Armor
25:02 Gold Mining
25:26 Bloodlines
26:26 Padded Archer Armor
Connection lost

Rejoining the realm…

Still unreachable

The connection could not be restored.

Session expired

The server has moved on; the page needs a fresh start.